 Dungeon Crawl Stone Soup version 0.20-a0-833-gc632bec (webtiles) character file.

1095935 Laphicet the Crack Shot (level 27, -6/233 HPs)
             Began as a Formicid Fighter on Mar 6, 2017.
             Was the Champion of Cheibriados.
             Killed from afar by a Brimstone Fiend (40 damage)
             ... with damnation
             ... on level 7 of Gehenna on Mar 7, 2017.
             The game lasted 05:04:35 (96542 turns).

Laphicet the Crack Shot (Formicid Fighter)         Turns: 96542, Time: 05:04:35

Health: -6/233     AC: 36    Str: 35    XL:     27
Magic:  41/48      EV: 37    Int: 40    God:    Cheibriados [******]
Gold:   7508       SH: 28    Dex: 31    Spells: 16/68 levels left

rFire    + . .     SeeInvis +   R - +10 longbow of Benevolence {flame, Dex+5}
rCold    + + +     Gourm    .   p - +7 Kryia's mail coat {PotionHeal*2 rC+}
rNeg     + + +     Faith    .   G - +2 large shield {reflect}
rPois    ∞         Spirit   .   (helmet unavailable)
rElec    +         Reflect  +   W - +1 cloak of Starlight {rElec rC+ EV+4 Stlth--}
rCorr    .         Harm     .   t - +2 pair of gloves
MR       ++++.                  C - +2 pair of boots
Stlth    ..........             N - amulet of regeneration
Regen    0.9/turn               d - ring of Yticeux {rC+ MR+ Int+4}
MPRegen  0.4/turn               Z - ring of Buosis {Wiz rF+}

@: lich-form, studying 2 skills, very slow
A: permanent stasis, dig shafts and tunnels, four strong arms, antennae 3, thin
metallic scales 1, camouflage 1, clever 1, cold resistance 1, weak 1, no potion
heal 1
}: 9/15 runes: serpentine, barnacled, slimy, silver, demonic, glowing, magical,
fiery, dark
a: Dig, Shaft Self, End Transformation, Bend Time, Temporal Distortion, Slouch,
Step From Time, Renounce Religion


You were on level 7 of Gehenna.
You worshipped Cheibriados.
Cheibriados was exalted by your worship.
You were not hungry.
You were a lich.
You visited 14 branches of the dungeon, and saw 65 of its levels.
You visited Pandemonium 1 time, and saw 12 of its levels.
You visited the Abyss 1 time.
You visited 1 bazaar.
You also visited: Labyrinth, Sewer and Volcano.

You collected 10852 gold pieces.
You spent 3344 gold pieces at shops.

Inventory:

Hand Weapons
 c - the +6 sword of Cerebov {flame}
   (You took it off Cerebov in Pandemonium)

   It has been specially enchanted to burn those struck by it, causing extra
   injury to most foes and up to half again as much damage against particularly
   susceptible opponents.
   Big, fiery blades are also staple armaments of hydra-hunters.
 R - the +10 longbow of Benevolence (weapon) {flame, Dex+5}
   (You acquired it on level 3 of the Vaults)

   It causes projectiles fired from it to burn those they strike, causing extra
   injury to most foes and up to half again as much damage against particularly
   susceptible opponents.
   It affects your dexterity (+5).
Missiles
 x - 478 arrows (quivered)
Armour
 g - +2 gold dragon scales
 p - the +7 Kryia's mail coat (worn) {PotionHeal*2 rC+}
   (You acquired it on level 1 of the Elven Halls)

   It protects you from cold.
 t - a +2 pair of gloves (worn)
 w - the +8 plate armour "Uconyo Odulo" {rElec rN+ rCorr Str+2}
   (You found it on level 5 of the Vaults)

   It affects your strength (+2).
   It insulates you from electricity.
   It protects you from negative energy.
   It protects you from acid and corrosion.
 C - a +2 pair of boots (worn)
 G - a +2 large shield of reflection (worn)
 W - the +1 cloak of Starlight (worn) {rElec rC+ EV+4 Stlth--}
   (You found it on level 3 of the Vaults)

   It affects your evasion (+4).
   It protects you from cold.
   It insulates you from electricity.
   It makes you much less stealthy.
Jewellery
 d - the ring of Yticeux (right hand) {rC+ MR+ Int+4}
   (You took it off a deep elf elementalist on level 3 of the Elven Halls)

   [ring of protection from cold]

   It affects your intelligence (+4).
   It protects you from cold.
   It affects your resistance to hostile enchantments.
 l - an uncursed ring of poison resistance
 N - an amulet of regeneration (around neck)
 S - an uncursed ring of flight
 T - an uncursed ring of resist corrosion
 U - the ring "Sevvuadu" {rElec rC+ rN+ Slay+2}
   (You found it on level 3 of the Vaults)

   [ring of positive energy]

   It affects your accuracy and damage with ranged weapons and melee attacks
   (+2).
   It protects you from cold.
   It insulates you from electricity.
   It protects you from negative energy.
 X - the ring "Tumy" {rN+ Str+4 Int+3}
   (You found it on level 4 of the Shoals)

   [ring of strength]

   It affects your strength (+4).
   It affects your intelligence (+3).
   It protects you from negative energy.
 Z - the ring of Buosis (left hand) {Wiz rF+}
   (You bought it in a shop in a bazaar)

   [ring of wizardry]

   It improves your spell success rate.
   It protects you from fire.
Wands
 y - a wand of acid (8/15)
 A - a wand of clouds (1/9)
 L - a wand of digging (2/24)
Scrolls
 a - a scroll of holy word
 b - 10 scrolls of fog
 j - 5 scrolls of immolation
 m - 2 scrolls of identify
 n - 4 scrolls of magic mapping
 v - 9 scrolls of recharging
 z - 23 scrolls of remove curse
 E - 12 scrolls of fear
 K - 5 scrolls of silence
 Q - 13 scrolls of amnesia
Potions
 e - a potion of agility
 f - 3 potions of heal wounds
 i - 12 potions of brilliance
 q - 3 potions of ambrosia
 s - 8 potions of magic
 u - 10 potions of curing
 D - 10 potions of lignification
 P - 18 potions of flight
 V - 5 potions of cancellation
Books
 r - a manual of Fire Magic
 M - a manual of Unarmed Combat
Miscellaneous
 h - 3 sacks of spiders
 I - 3 phantom mirrors
Comestibles
 k - 29 bread rations


   Skills:
 - Level 22.5 Fighting
 - Level 20.8 Long Blades
   Level 4.2 Polearms
 - Level 24.2 Bows
 - Level 19.2 Armour
 - Level 20.0 Dodging
 - Level 18.7 Shields
 - Level 21.2 Spellcasting
 - Level 5.8 Hexes
 - Level 20.4 Necromancy
 - Level 4.0 Translocations
 - Level 21.9 Transmutations
 + Level 12.7 Air Magic
 - Level 13.4 Invocations


You had 16 spell levels left.
You knew the following spells:

 Your Spells              Type           Power        Failure   Level  Hunger
f - Freezing Cloud        Conj/Ice/Air   ######....   9%          6    N/A
i - Infestation           Necr           ########..   1%          8    N/A
l - Lesser Beckoning      Tloc           ######....   1%          3    N/A
n - Necromutation         Tmut/Necr      ########..   1%          8    N/A
p - Portal Projectile     Hex/Tloc       ######       1%          3    N/A
t - Tornado               Air            #######...   95%         9    N/A
D - Deflect Missiles      Chrm/Air       #######...   4%          6    N/A
I - Invisibility          Hex            ######..     4%          6    N/A
R - Regeneration          Chrm/Necr      ########..   1%          3    N/A

Dungeon Overview and Level Annotations

Branches:
Dungeon (15/15)            Temple (1/1) D:4            Lair (6/6) D:9
 Shoals (4/4) Lair:2        Snake (4/4) Lair:2        Slime (5/5) Lair:6
    Orc (2/2) D:12            Elf (3/3) Orc:2        Vaults (5/5) D:13
  Crypt (3/3) Vaults:2       Tomb (0/3) Crypt:3      Depths (5/5) D:15
   Hell (1/1)                 Dis (0/7) Hell            Geh (3/7) Hell
    Coc (0/7) Hell            Tar (0/7) Hell            Zot (5/5) Depths:5

Altars:
Ashenzari
Cheibriados
Dithmenos
Elyvilon
Fedhas
Gozag
Hepliaklqana
Kikubaaqudgha
Makhleb
Nemelex Xobeh
Okawaru
Qazlal
Ru
Sif Muna
Trog
Uskayaw
Vehumet
Wu Jian
Xom
Yredelemnul
Zin
The Shining One
Beogh

Shops:
D:8 =   Orc:1 [   Orc:2 *:=*%   Shoals:4 }   Vaults:1 %   Vaults:3 (
Depths:1 [[

Portals:
Hell: Depths:1 Depths:2 Depths:3 Depths:4 Depths:5
Abyss: Depths:2 Depths:4
Pandemonium: Depths:3 Depths:5
Ziggurat: Depths:2
Trove: Vaults:3 (give 19 potions of curing)

Annotations:
D:8 exclusion: oklob plant
Lair:3 exclusion: 4 oklob plants
Geh:7 Asmodeus


Innate Abilities, Weirdness & Mutations

You cannot be hasted, slowed, berserked, paralysed or teleported.
You can dig through walls and to a lower floor.
Your four strong arms can wield two-handed weapons with a shield.
You have a pair of large antennae on your head. (SInv)
You are partially covered in thin metallic scales. (AC +2)
Your skin changes colour to match your surroundings (Stealth+).
Your mind is acute. (Int +2)
Your flesh is cold resistant. (rC+)
You are weak. (Str -2)
Potions are less effective at restoring your health.


Message History

You shoot an arrow. The arrow hits the Brimstone Fiend!!
The Brimstone Fiend is almost dead.
Firing (i - inventory):
x - 481 arrows (quivered)
Press: ? - help, Shift-Dir - straight line, f/p - Brimstone Fiend
Aim: a Brimstone Fiend (almost dead)
You shoot an arrow. The arrow hits the Brimstone Fiend.
The Brimstone Fiend is almost dead.
Firing (i - inventory):
x - 480 arrows (quivered)
Press: ? - help, Shift-Dir - straight line, f/p - Brimstone Fiend
Aim: a Brimstone Fiend (almost dead)
You shoot an arrow.
The arrow completely misses the Brimstone Fiend.
Firing (i - inventory):
x - 479 arrows (quivered)
Press: ? - help, Shift-Dir - straight line, f/p - Brimstone Fiend
Aim: a Brimstone Fiend (almost dead)
You shoot an arrow.
The arrow barely misses the Brimstone Fiend.
The Brimstone Fiend gestures at you.
The sphere of damnation explodes!
The damnation engulfs you!
You die...

###≈≈≈≈§≈≈≈≈≈≈§v§≈≈#.8)#≈≈{§{≈≈≈≈
≈≈≈≈≈≈v≈≈≈≈≈≈§§v§≈§#...#§≈§§§≈≈≈≈
≈§≈§≈≈≈≈≈≈≈≈≈≈{≈≈####'####≈§§≈≈≈≈
≈§≈≈≈≈≈≈≈§≈≈≈≈≈≈≈#.(.)...#{§§≈≈≈≈
≈§§§≈§{≈≈§§≈≈≈≈≈≈#.......#≈≈≈§≈≈≈
≈≈≈§≈≈≈v§§≈§≈≈≈≈≈#(..#...#≈≈≈≈≈≈≈
##≈≈≈vv≈≈§§#######.(###..#******≈
###≈≈≈≈≈≈≈≈#.....#..(#...#,,{,,*≈
..#≈≈§≈§####....L#.......#,,,,,*≈
..##§≈§{#..#....1#...{...#,,,,,*≈
...######..'....)####'####,,,,,*≈
#.)'....+..#.....(.......+,,,,,*≈
...######..+.....(.......+,,,,,*≈
..##≈≈≈{#..#.....#########,,,,,*≈
(.#≈≈≈≈≈####....(#≈≈≈≈§≈≈*,,,,,*≈
###§≈≈§≈≈≈≈#######≈≈≈≈≈≈≈#******≈
##≈§≈≈≈≈§§§≈≈≈≈≈≈≈≈≈§{≈≈≈≈≈≈≈≈≈≈≈


You could see a Brimstone Fiend.

Vanquished Creatures
  Cerebov (Pan)
  the Royal Jelly (Slime:5)
  Gloorx Vloq (Pan)
  Ignacio (Pan)
  Mnoleg (Pan)
  Lom Lobon (Pan)
  the Serpent of Hell (Geh:7)
  9 orbs of fire
  3 ancient liches
  Sojobo (Vaults:3)
  Boris (Depths:5)
  Margery (Depths:3)
  Bai Suzhen (Elf:3)
  Saint Roka (Vaults:3)
  Geryon (Hell)
  4 Killer Klowns
  Xtahua (Vaults:5)
  A caustic shrike (shapeshifter) (Depths:1)
  3 curse toes
  5 caustic shrikes (Depths:3)
  7 golden dragons
  Jory (Crypt:3)
  2 bone dragons
  24 Brimstone Fiends
  2 Tzitzimimeh
  10 liches
  2 electric golems
  Jorgrun (Depths:3)
  A Hell Sentinel (Pan)
  25 Orb Guardians (Zot:5)
  A shard shrike skeleton (Crypt:2)
  7 pandemonium lords (Pan)
  2 deep elf blademasters
  19 tentacled monstrosities
  8 Ice Fiends (Pan)
  2 deep elf master archers (Elf:3)
  10 quicksilver dragons
  9 titans
  7 ancient champions
  37 acid blobs
  4 krakens
  42 Executioners
  8 sphinxes
  21 storm dragons
  2 eldritch tentacles
  5 death cobs
  13 tengu reavers
  Ilsuiw (Shoals:3)
  Donald (Snake:3)
  4 draconian monks
  25 azure jellies
  11 shadow dragons
  12 nagarajas
  9 warmongers (Pan)
  A revenant (Hell)
  18 cacodemons
  22 fire giants
  11 frost giants
  5 draconian knights
  25 vault wardens
  5 ghost moths
  6 deep elf sorcerers
  A juggernaut zombie (Depths:1)
  9 draconian scorchers
  3 curse skulls
  49 balrugs
  3 iron dragons
  Louise (Shoals:1)
  8 deep elf elementalists
  20 ironheart preservers
  5 draconian shifters
  2 caustic shrike skeletons (Depths:4)
  4 draconian annihilators
  6 war gargoyles
  6 draconian stormcallers
  36 very ugly things
  2 entropy weavers
  10 reapers
  10 corrupters (Pan)
  6 black suns (Pan)
  2 juggernaut skeletons (Depths:4)
  10 blood saints (Pan)
  12 deep elf demonologists
  Azrael (Snake:1)
  41 stone giants
  18 green draconians
  133 slime creatures
  11 red draconians
  22 vampire knights
  9 purple draconians
  13 yellow draconians
  2 spark wasps
  12 black draconians
  12 lorocyprocas (Pan)
  10 eidola
  19 deep elf annihilators
  9 white draconians
  The ghost of Heskey the Warrior, a journeyman BaFi of Uskayaw (D:12)
  3 crystal guardians
  3 merfolk javelineers (Shoals:4)
  9 death oozes
  11 deep elf death magi
  Snorg (Lair:3)
  14 ettins
  19 blizzard demons
  9 merfolk impalers
  A minotaur (Lab)
  27 jiangshi
  23 yaktaur captains
  2 quicksilver dragon zombies (Crypt:3)
  19 green deaths (Pan)
  14 rakshasas
  15 naga warriors
  2 quicksilver dragon skeletons
  15 fire dragons
  19 ogre magi
  3 deep elf high priests
  A kraken zombie (Hell)
  18 hydras
  17 ice dragons
  2 hell beasts
  19 great orbs of eyes
  5 monstrous demonspawn (Pan)
  49 vault guards
  4 catoblepae
  14 centaur warriors
  9 spriggan air magi
  13 anacondas
  5 merfolk avatars
  2 alligator snapping turtles
  45 two-headed ogres
  A two-headed ogre (shapeshifter) (Vaults:5)
  12 deep troll shamans
  6 death knights
  7 merfolk aquamancers
  3 death yaks (Lair:6)
  14 hell hogs
  3 satyrs
  4 tengu warriors
  19 vampire magi
  10 naga sharpshooters
  A death yak (shapeshifter) (Vaults:4)
  An iron golem (Hell)
  32 dancing weapons
  5 shock serpents
  10 deep troll earth magi
  2 titan zombies
  47 soul eaters
  2 spriggans (Depths:4)
  30 deep elf knights
  6 orc high priests
  2 titan skeletons
  5 spriggan berserkers
  2 salamander mystics
  22 hell knights
  4 storm dragon zombies
  Nergalle (D:10)
  105 sun demons
  26 sixfirhies (Pan)
  60 skeletal warriors
  8 shadow wraiths
  7 flayed ghosts
  3 golden dragon zombies
  A spark wasp zombie (Depths:1)
  8 naga ritualists
  4 unseen horrors
  8 glowing orange brains
  13 shadow demons
  14 sea snakes
  2 unseen horrors (shapeshifter)
  A swamp dragon (Zot:1)
  2 anaconda zombies (Hell)
  A gelid demonspawn (Pan)
  6 iron trolls
  63 large abominations
  9 infernal demonspawn
  27 deep trolls
  4 storm dragon skeletons
  A lindwurm (Lair:6)
  4 torturous demonspawn
  18 ironbrand convokers
  21 phantasmal warriors
  An entropy weaver zombie (Crypt:2)
  4 anaconda skeletons
  82 deep elf magi
  2 shadow dragon zombies (Crypt:3)
  13 necromancers
  A frost giant zombie (Crypt:1)
  2 wolf spider zombies (Geh:7)
  23 deep elf archers
  14 wizards
  6 golden dragon skeletons
  46 ugly things
  29 harpies
  4 orc sorcerers
  17 orc knights
  7 shining eyes
  A mana viper (shapeshifter) (Depths:3)
  5 wolf spiders
  2 shadow dragon skeletons
  12 mana vipers
  2 manticores (shapeshifter)
  2 fire giant zombies
  2 sphinx skeletons (Depths:4)
  A cyclops (shapeshifter) (Elf:1)
  4 tengu skeletons
  3 stone giant zombies
  4 iron dragon skeletons
  11 cyclopes
  20 fauns
  An ice statue (Hell)
  24 manticores
  14 merfolk sirens
  Maurice (D:10)
  7 salamanders
  25 moths of wrath
  8 elephants
  24 vault sentinels
  6 water nymphs
  68 smoke demons
  Joseph (D:10)
  A guardian serpent (shapeshifter) (Vaults:5)
  3 frost giant skeletons
  3 eyes of devastation
  5 fire giant skeletons
  A guardian serpent (Snake:2)
  28 naga magi
  32 black mambas
  A black mamba (shapeshifter) (Depths:3)
  7 centaur zombies
  6 rust devils
  4 gargoyles
  15 spiny frogs
  5 centaur skeletons
  6 molten gargoyles
  40 orange demons
  A grey draconian zombie (Crypt:3)
  4 dire elephant skeletons
  8 stone giant skeletons
  2 torpor snails
  5 spriggan skeletons
  18 hellions
  A red draconian zombie (Crypt:2)
  A shock serpent skeleton (Geh:7)
  A kobold demonologist (D:15)
  A storm dragon simulacrum (Crypt:1)
  70 yaktaurs
  16 efreet
  3 rime drakes
  8 komodo dragons
  21 demonic crawlers
  2 red draconian skeletons
  23 tormentors
  10 freezing wraiths
  A queen bee (shapeshifter) (Depths:3)
  33 hellwings (Pan)
  2 tengu conjurers
  54 red devils
  A queen bee (Lair:1)
  A harpy zombie (Crypt:3)
  A death yak skeleton (Crypt:3)
  6 hydra zombies
  2 polar bears (shapeshifter)
  3 polar bears
  16 trolls
  3 ice devils (Pan)
  19 merfolk
  A minotaur zombie (Crypt:2)
  A meliai (shapeshifter) (Depths:4)
  3 hornets (shapeshifter)
  13 blink frogs
  A fire dragon zombie (Crypt:3)
  Grinder (D:5)
  2 ettin zombies
  A raiju (shapeshifter) (Vaults:1)
  19 wind drakes
  7 snapping turtles
  2 harpy skeletons
  3 hornets
  2 hydra skeletons
  12 dream sheep
  A moth of wrath zombie (Crypt:3)
  11 hippogriffs
  2 stone giant simulacra
  33 flying skulls
  A frost giant simulacrum (Crypt:1)
  A fire dragon skeleton (Crypt:1)
  6 shadows
  Sigmund (D:4)
  11 air elementals
  A redback (Vaults:5)
  A redback (shapeshifter) (Depths:1)
  16 water elementals
  A centaur simulacrum (D:14)
  An ice dragon skeleton (Geh:7)
  A tarantella (shapeshifter) (Depths:3)
  14 wraiths
  61 yaks
  An ettin skeleton (Geh:7)
  A human (shapeshifter) (Depths:1)
  19 vampires (Crypt:3)
  23 ynoxinuls (Pan)
  A golden eye (shapeshifter) (Vaults:4)
  A wyvern (Lair:6)
  4 basilisks
  A hog (shapeshifter) (D:15)
  2 fire bats (Volcano)
  5 hungry ghosts
  2 black mamba skeletons
  10 golden eyes
  59 chaos spawn (Pan)
  14 fire elementals
  18 vampire mosquitoes
  27 neqoxecs (Pan)
  4 elf skeletons
  2 small abominations (Abyss:1)
  50 nagas
  Menkaure (D:6)
  3 soldier ants
  Edmund (D:4)
  3 acid dragons
  4 wargs
  A hydra simulacrum (Hell)
  60 orc warriors
  10 porcupines
  2 spiny frog zombies
  12 water moccasins
  A floating eye (shapeshifter) (Vaults:3)
  4 floating eyes
  2 spiny frog skeletons (Hell)
  An ettin simulacrum (Vaults:2)
  11 hell hounds
  3 sky beasts
  5 ice beasts
  A meliai simulacrum (D:15)
  A swamp dragon zombie (Geh:7)
  3 black bears
  2 wolves (shapeshifter)
  4 necrophages
  55 ogres
  3 snapping turtle zombies
  12 eyes of draining
  The ghost of Duffy the Chopper, an amateur DgGl (D:3)
  4 phantoms
  15 wolves
  5 boggarts (Depths:1)
  4 snapping turtle skeletons
  A torpor snail zombie (Crypt:3)
  30 centaurs
  2 human skeletons
  10 crocodiles
  6 big kobolds
  A rime drake skeleton (Crypt:2)
  A wyvern zombie (D:14)
  27 bullfrogs
  7 earth elementals
  A glowing shapeshifter simulacrum (Vaults:2)
  3 gnoll sergeants
  A draconian skeleton (Crypt:2)
  A wyvern skeleton (D:15)
  A warg zombie (Crypt:2)
  8 scorpions
  38 killer bees
  A troll zombie (Geh:7)
  10 wights
  A human simulacrum (Vaults:1)
  4 howler monkeys
  4 electric eels
  A troll skeleton (Crypt:1)
  9 hounds
  5 lava snakes (Volcano)
  A basilisk zombie (Crypt:1)
  11 crimson imps
  37 orc priests
  8 jellies
  Crazy Yiuf (D:4)
  A basilisk skeleton (Crypt:2)
  A human zombie (Crypt:1)
  6 iron imps
  27 orc wizards
  Jessica (D:3)
  Natasha (thrice) (D:2)
  4 iguanas
  13 hell rats
  8 worker ants
  A killer bee zombie (D:8)
  A felid zombie (Crypt:2)
  An ogre skeleton (Pan)
  2 hound skeletons
  A hound zombie (D:7)
  A howler monkey zombie (D:3)
  A worker ant zombie (D:9)
  A gnoll (shapeshifter) (Vaults:5)
  2 howler monkey skeletons (D:8)
  27 gnolls
  20 adders
  4 river rats (Sewer)
  5 shadow imps
  An ufetubus (Vaults:4)
  An ooze (shapeshifter) (Vaults:4)
  6 oozes
  A worm zombie (Crypt:3)
  2 adder skeletons
  2 worms (D:3)
  5 dart slugs (D:1)
  7 leopard geckos
  120 orcs
  8 ball pythons
  8 giant cockroaches
  12 hobgoblins
  22 jackals
  17 kobolds
  4 quokkas
  7 bats
  9 frilled lizards
  A giant cockroach zombie (Crypt:3)
  6 goblins
  2 goblin skeletons (D:9)
  A hobgoblin skeleton (Crypt:1)
  A hobgoblin zombie (D:9)
  3 kobold zombies (D:9)
  2 leopard gecko skeletons
  A leopard gecko zombie (D:5)
  An orc skeleton (D:9)
  A quokka skeleton (D:5)
  2 quokka zombies
  29 rats
  A rat skeleton (Crypt:1)
  A crawling corpse (Elf:3)
  8 fire vortices (Geh:7)
  3 plants
  10 tentacles
4433 creatures vanquished.

Vanquished Creatures (others)
  An eldritch tentacle (Pan)
  A draconian stormcaller (Zot:1)
  A red draconian (Zot:4)
  A centaur warrior (Volcano)
  A vampire mage (Depths:4)
  2 hell hogs (Geh:7)
  A dancing weapon (Elf:1)
  A naga sharpshooter (Snake:4)
  A sixfirhy (Pan)
  A skeletal warrior (Crypt:2)
  A deep troll (Depths:3)
  2 deep elf magi
  A naga mage (Snake:4)
  A smoke demon (Pan)
  A yaktaur (Volcano)
  2 wind drakes (Pan)
  An air elemental (Elf:3)
  A ynoxinul (Pan)
  2 ogres
  A crocodile (Lair:6)
  A shadow imp (D:14)
  3 ball lightnings (Pan)
  2 kobolds
  A bush (Lair:6)
  11 fungi
  35 plants
  29 tentacles
  14 toadstools (D:8)
120 creatures vanquished.

Grand Total: 4553 creatures vanquished

Notes
Turn   | Place    | Note
-------+----------+-------------------------------------------
     0 | D:1      | Laphicet the Formicid Fighter began the quest for the Orb.
     0 | D:1      | Reached XP level 1. HP: 18/18 MP: 1/1
    87 | D:1      | Found a sparkling altar of Nemelex Xobeh.
    97 | D:1      | Reached XP level 2. HP: 24/24 MP: 2/2
   295 | D:1      | Reached XP level 3. HP: 28/29 MP: 3/3
   704 | D:2      | Found an iron altar of Okawaru.
   727 | D:2      | Noticed Natasha
   743 | D:2      | Killed Natasha
   743 | D:2      | Reached skill level 1 in Dodging
   743 | D:2      | Reached XP level 4. HP: 29/35 MP: 4/4
   933 | D:2      | Noticed Natasha
  1130 | D:2      | Killed Natasha
  1130 | D:2      | Reached XP level 5. HP: 25/42 MP: 5/5
  1358 | D:2      | Noticed Natasha
  1375 | D:2      | Killed Natasha
  1998 | D:3      | Noticed Duffy's ghost (amateur DgGl)
  2021 | D:3      | Reached XP level 6. HP: 48/48 MP: 6/6
  2046 | D:3      | Noticed Jessica
  2052 | D:3      | Killed Jessica
  2115 | D:3      | Found a deep blue altar of Sif Muna.
  2158 | D:3      | Found a glowing drain.
  2172 | Sewer    | Entered a sewer
  2342 | Sewer    | Reached skill level 5 in Shields
  2941 | Sewer    | Reached XP level 7. HP: 16/55 MP: 7/7
  3798 | D:3      | Reached skill level 5 in Armour
  3814 | D:3      | Killed Duffy's ghost
  4202 | D:3      | Reached XP level 8. HP: 61/61 MP: 8/8
  4369 | D:3      | Reached skill level 5 in Fighting
  4485 | D:4      | Found a staircase to the Ecumenical Temple.
  4538 | Temple   | Entered the Ecumenical Temple
  4784 | Temple   | Became a worshipper of Cheibriados the Contemplative
  4911 | D:4      | Found a radiant altar of Vehumet.
  5010 | D:4      | Found a hide-covered altar of Uskayaw.
  5040 | D:4      | Noticed Edmund
  5058 | D:4      | Killed Edmund
  5058 | D:4      | Reached skill level 1 in Invocations
  5137 | D:4      | Noticed Sigmund
  5160 | D:4      | Killed Sigmund
  5160 | D:4      | Reached skill level 5 in Long Blades
  5358 | D:4      | Found an ornate altar of the Wu Jian Council.
  5677 | D:4      | Found a runed door.
  5745 | D:4      | Found a glowing silver altar of Zin.
  5805 | D:4      | Noticed Crazy Yiuf
  5814 | D:4      | Killed Crazy Yiuf
  6031 | D:5      | Entered Level 5 of the Dungeon
  6043 | D:5      | Reached * piety under Cheibriados
  6051 | D:5      | Reached XP level 9. HP: 68/69 MP: 10/10
  6273 | D:5      | Noticed Grinder
  6304 | D:5      | Killed Grinder
  6599 | D:5      | Found a sparkling altar of Nemelex Xobeh.
  6919 | D:6      | Reached ** piety under Cheibriados
  7361 | D:6      | Noticed Menkaure
  7366 | D:6      | Killed Menkaure
  7386 | D:6      | You fall through a shaft for 3 floors!
  7555 | D:9      | Found a glowing golden altar of the Shining One.
  7562 | D:9      | Noticed a troll
  7565 | D:9      | Reached XP level 10. HP: 57/77 MP: 13/13
  7620 | D:9      | Reached *** piety under Cheibriados
  7969 | D:9      | Reached skill level 5 in Invocations
  8202 | D:9      | Found a staircase to the Lair.
  8935 | D:9      | Reached skill level 5 in Dodging
  9016 | D:9      | Reached **** piety under Cheibriados
  9099 | D:9      | Noticed a three-headed hydra
  9109 | D:9      | Killed a one-headed hydra
  9109 | D:9      | Reached XP level 11. HP: 83/86 MP: 15/15
  9331 | D:9      | Found a shadowy altar of Dithmenos.
  9604 | D:10     | Entered Level 10 of the Dungeon
  9604 | D:10     | Noticed Maurice
  9701 | D:8      | Found a blossoming altar of Fedhas.
  9701 | D:8      | Found a stormy altar of Qazlal.
  9796 | D:8      | Found Ripil's Jewellery Boutique.
 10008 | D:7      | Found an ancient bone altar of Kikubaaqudgha.
 10018 | D:7      | Reached ***** piety under Cheibriados
 10822 | D:8      | Noticed a two-headed ogre
 11167 | D:6      | Found a shimmering altar of Xom.
 11169 | D:6      | Found a shimmering altar of Xom.
 11169 | D:6      | Found a shimmering altar of Xom.
 11235 | D:6      | Got an ancient spear
 11236 | D:6      | Identified the +9 spear "Pepenluw" {freeze, *Slow rC+ MR+} (You found it on level 6 of the Dungeon)
 11387 | D:8      | Killed a two-headed ogre
 11777 | D:8      | Found a blossoming altar of Fedhas.
 11800 | D:8      | Noticed an oklob plant
 12076 | Lair:1   | Entered Level 1 of the Lair of Beasts
 12130 | Lair:1   | Reached ****** piety under Cheibriados
 12133 | Lair:1   | Got an ancient double sword
 12134 | Lair:1   | Identified the +8 double sword of Rubbish {drain, *Noise +Blink rPois Str+2} (You found it on level 1 of the Lair of Beasts)
 12380 | Lair:1   | Reached XP level 12. HP: 94/94 MP: 17/17
 12623 | Lair:1   | Noticed a seven-headed hydra
 12634 | Lair:1   | Killed a one-headed hydra
 12634 | Lair:1   | Reached skill level 10 in Shields
 12954 | Lair:2   | Found a staircase to the Snake Pit.
 13516 | Lair:2   | Found a staircase to the Shoals.
 13853 | Lair:3   | Noticed Snorg
 13861 | Lair:3   | Killed Snorg
 13907 | Lair:3   | Noticed a five-headed hydra
 13918 | Lair:3   | Killed a one-headed hydra
 13939 | Lair:3   | Found a dark tunnel.
 13953 | Lair:3   | Reached XP level 13. HP: 91/103 MP: 19/19
 13990 | Volcano  | Entered a volcano
 14736 | Volcano  | Noticed a centaur warrior
 14852 | Volcano  | Killed a centaur warrior
 14864 | Volcano  | Reached skill level 10 in Fighting
 14935 | Volcano  | Reached skill level 10 in Armour
 14940 | Volcano  | Found a burning altar of Makhleb.
 15873 | Lair:4   | Noticed a catoblepas
 15882 | Lair:4   | Killed a catoblepas
 15916 | Lair:4   | Noticed a six-headed hydra
 15927 | Lair:4   | Killed a three-headed hydra
 16046 | Lair:4   | Noticed a seven-headed hydra
 16051 | Lair:4   | Killed a four-headed hydra
 16298 | Lair:4   | Reached skill level 10 in Invocations
 16751 | Lair:5   | Found a labyrinth entrance.
 16759 | Lab      | Entered a labyrinth
 17473 | Lab      | Noticed a minotaur
 17478 | Lab      | Killed a minotaur
 17491 | Lab      | Got a jewelled whip
 17491 | Lab      | Got a faintly glowing robe
 17517 | Lab      | Identified the cursed +0 robe of Impatience {rElec MR++ rCorr Stlth+} (You found it in a labyrinth)
 17752 | Lair:5   | Reached skill level 10 in Long Blades
 17752 | Lair:5   | Reached XP level 14. HP: 111/111 MP: 21/21
 18256 | Lair:5   | Identified the +5 whip of Judgement {pain, rF+ rC+ Str-5} (You found it in a labyrinth)
 18363 | Lair:6   | Entered Level 6 of the Lair of Beasts
 18812 | Lair:6   | Found a staircase to the Slime Pits.
 19827 | D:10     | Noticed Joseph
 20023 | D:10     | Killed Joseph
 20098 | D:10     | Found a glowing silver altar of Zin.
 20103 | D:10     | Noticed Nergalle
 20111 | D:10     | Killed Nergalle
 20111 | D:10     | Reached XP level 15. HP: 110/120 MP: 23/23
 20186 | D:10     | Got a slimy trident
 20188 | D:10     | Identified the +8 trident of Brutal Revenge {venom, MR+ Int+5} (You found it on level 10 of the Dungeon)
 20216 | D:10     | Killed Maurice
 20687 | D:11     | Found a shattered altar of Ashenzari.
 21681 | D:12     | Found a staircase to the Orcish Mines.
 21958 | D:12     | Noticed Heskey's ghost (journeyman BaFi)
 21978 | D:12     | Killed Heskey's ghost
 22747 | Orc:1    | Entered Level 1 of the Orcish Mines
 22840 | Orc:1    | Found a roughly hewn altar of Beogh.
 23191 | Orc:1    | Found Nusedo Othrul's Armour Boutique.
 23336 | Orc:2    | Entered Level 2 of the Orcish Mines
 23442 | Orc:2    | Found a staircase to the Elven Halls.
 23466 | Orc:2    | Found Rashoeva's General Store.
 23474 | Orc:2    | Bought a potion of curing for 42 gold pieces
 23474 | Orc:2    | Bought a wand of clouds (2/9) for 252 gold pieces
 23474 | Orc:2    | Bought a scroll of identify for 28 gold pieces
 23900 | Orc:2    | Reached XP level 16. HP: 129/129 MP: 25/25
 24121 | Orc:2    | Found Vepsid's Jewellery Emporium.
 24124 | Orc:2    | Found Fotauc's Assorted Antiques.
 24125 | Orc:2    | Found Optianer's Book Emporium.
 24126 | Orc:2    | Found Yhanutio's Food Emporium.
 24133 | Orc:2    | Bought a cursed amulet of inaccuracy for 30 gold pieces
 24394 | D:13     | Reached skill level 10 in Dodging
 24549 | D:13     | Found a gate to the Vaults.
 25123 | D:14     | Got a bone flail
 25124 | D:14     | Identified the +2 flail of Guson {venom, Int+4} (You found it on level 14 of the Dungeon)
 25723 | D:15     | Entered Level 15 of the Dungeon
 25946 | D:15     | Found a staircase to the Depths.
 26815 | Depths:1 | Entered Level 1 of the Depths
 26815 | Depths:1 | Found Exun's Antique Armour Shoppe.
 26825 | Depths:1 | Bought a slimy scale mail for 378 gold pieces
 26825 | Depths:1 | Bought a smelly troll leather armour for 840 gold pieces
 26841 | D:15     | Identified the cursed +1 troll leather armour of Starshine {Regen+ Int+6 Stlth-} (You bought it in a shop on level 1 of the Depths)
 26852 | D:15     | Identified the +3 scale mail of Immorality {Int+2 Dex+3} (You bought it in a shop on level 1 of the Depths)
 27068 | Lair:1   | Learned a level 3 spell: Regeneration
 27115 | Snake:1  | Entered Level 1 of the Snake Pit
 27115 | Snake:1  | Noticed Azrael
 27127 | Snake:1  | Reached XP level 17. HP: 118/137 MP: 26/26
 27135 | Snake:1  | Killed Azrael
 27699 | Orc:1    | Bought the +5 ring mail "Labuposme" {+Blink rElec MP-9} for 497 gold pieces
 30003 | Snake:3  | Reached skill level 15 in Shields
 30047 | Snake:3  | Noticed Donald
 30107 | Snake:3  | Killed Donald
 30283 | Snake:3  | You fall through a shaft!
 30283 | Snake:4  | Entered Level 4 of the Snake Pit
 30751 | Snake:4  | Reached XP level 18. HP: 133/146 MP: 19/28
 32296 | Snake:4  | Reached skill level 15 in Armour
 32458 | Snake:4  | Reached XP level 19. HP: 154/154 MP: 20/29
 32570 | Snake:4  | Got a serpentine rune of Zot
 32734 | Snake:4  | Gained mutation: Your muscles are strong. (Str +2) [potion of mutation]
 32734 | Snake:4  | Gained mutation: You are resistant to hostile enchantments. (MR+) [potion of mutation]
 32734 | Snake:4  | Gained mutation: You evolve. [potion of mutation]
 32735 | Snake:4  | Lost mutation: You evolve. [potion of mutation]
 32735 | Snake:4  | Lost mutation: You are resistant to hostile enchantments. (MR+) [potion of mutation]
 32735 | Snake:4  | Gained mutation: You are dopey. (Int -2) [potion of mutation]
 32735 | Snake:4  | Gained mutation: You are somewhat resistant to further mutation. [potion of mutation]
 32735 | Snake:4  | Lost mutation: You are somewhat resistant to further mutation. [potion of mutation]
 32735 | Snake:4  | Gained mutation: You are agile. (Dex +2) [potion of mutation]
 32991 | Shoals:1 | Entered Level 1 of the Shoals
 33329 | Shoals:1 | Noticed Louise
 33358 | Shoals:1 | Killed Louise
 33430 | Shoals:1 | Reached skill level 15 in Fighting
 34099 | Shoals:2 | Noticed a titan
 34123 | Shoals:2 | Killed a titan
 35354 | Shoals:4 | Entered Level 4 of the Shoals
 35355 | Shoals:4 | Noticed Ilsuiw
 35412 | Shoals:3 | Killed Ilsuiw
 35538 | Shoals:4 | Reached XP level 20. HP: 135/163 MP: 30/30
 35853 | Shoals:4 | Got a sparkling platinum ring
 35855 | Shoals:4 | Identified the ring "Tumy" {rN+ Str+4 Int+3} (You found it on level 4 of the Shoals)
 36658 | Shoals:4 | Found a burning altar of Makhleb.
 36712 | Shoals:4 | Reached skill level 15 in Long Blades
 36879 | Shoals:4 | Found Kesh's Gadget Shoppe.
 36908 | Shoals:4 | Got a barnacled rune of Zot
 37248 | Elf:1    | Entered Level 1 of the Elven Halls
 37428 | Elf:1    | Identified a scroll of acquirement
 38309 | Elf:1    | Reached XP level 21. HP: 103/172 MP: 26/31
 38666 | Elf:2    | Noticed a Brimstone Fiend
 38879 | Elf:2    | Found a runed gate.
 39030 | Elf:2    | Found a runed gate.
 39179 | Elf:2    | Found a runed gate.
 39972 | Elf:3    | Entered Level 3 of the Elven Halls
 40339 | Elf:3    | Noticed Bai Suzhen
 40353 | Elf:3    | Killed Bai Suzhen
 40353 | Elf:3    | Reached XP level 22. HP: 173/181 MP: 32/32
 40673 | Elf:3    | Got a clouded copper ring
 40793 | Elf:3    | Identified the ring of Yticeux {rC+ MR+ Int+4} (You took it off a deep elf elementalist on level 3 of the Elven Halls)
 40797 | Elf:3    | Got a bloodstained scythe {venom}
 40798 | Elf:3    | Identified the +2 scythe "Leviticus" {venom, rC+} (You took it off a deep elf annihilator on level 3 of the Elven Halls)
 41347 | Elf:3    | Got shimmering swamp dragon scales
 41348 | Elf:3    | Identified the +1 swamp dragon scales "Meru" {-Cast -Tele rPois Int+8 Stlth+} (You took it off a deep elf high priest on level 3 of the Elven Halls)
 42049 | Depths:1 | Reached skill level 1 in Bows
 42126 | Depths:1 | Found Tenicwe's Armour Emporium.
 42196 | Depths:1 | Reached skill level 2 in Bows
 42305 | Depths:1 | Reached skill level 3 in Bows
 42355 | Depths:1 | Reached skill level 4 in Bows
 42767 | Depths:1 | Reached skill level 5 in Bows
 42868 | Depths:1 | Found a gateway to Hell.
 43004 | Depths:1 | Reached XP level 23. HP: 172/188 MP: 33/33
 43014 | Depths:1 | Reached skill level 6 in Bows
 43276 | Depths:1 | Reached skill level 7 in Bows
 43335 | Depths:1 | Noticed a caustic shrike
 43348 | Depths:1 | Killed a caustic shrike
 43452 | Depths:2 | Reached skill level 8 in Bows
 43479 | Depths:2 | Found a gateway to a ziggurat.
 43503 | Depths:2 | Found a one-way gate to the infinite horrors of the Abyss.
 43550 | Depths:2 | Found a flickering gateway to a bazaar.
 43559 | Bazaar   | Entered a bazaar
 43559 | Bazaar   | Found Velykhlu's Jewellery Shoppe.
 43559 | Bazaar   | Found Qutzi's Antique Armour Shoppe.
 43577 | Bazaar   | Found Juogam's Antique Weapon Boutique.
 43589 | Bazaar   | Found Pighups's General Store.
 43597 | Bazaar   | Bought a potion of curing for 36 gold pieces
 43597 | Bazaar   | Bought a scroll of immolation for 42 gold pieces
 43600 | Bazaar   | Found Maamofy's Magic Scroll Boutique.
 43608 | Bazaar   | Bought a scroll of acquirement for 364 gold pieces
 43608 | Bazaar   | Bought a scroll of remove curse for 21 gold pieces
 43608 | Bazaar   | Bought a scroll of identify for 14 gold pieces
 43608 | Bazaar   | Bought a scroll of enchant weapon for 52 gold pieces
 43646 | Bazaar   | Bought the ring of Buosis {Wiz rF+} for 748 gold pieces
 43786 | Depths:2 | Reached skill level 9 in Bows
 44131 | Depths:2 | Got a heavily runed large shield
 44142 | Depths:2 | Identified the -4 large shield of Zuvoiqus {Dex+3} (You acquired it on level 2 of the Depths)
 44195 | Depths:2 | Reached skill level 10 in Bows
 44249 | Depths:2 | Got a transparent war axe {freeze}
 44250 | Depths:2 | Identified the +5 war axe of Puur {freeze, Fragile rElec Str+4 SInv} (You took it off a spriggan berserker on level 2 of the Depths)
 44681 | Depths:3 | Noticed Margery
 44716 | Depths:3 | Killed Margery
 44717 | Depths:3 | Found a one-way gate leading to the halls of Pandemonium.
 44869 | Depths:3 | Reached skill level 11 in Bows
 45009 | Depths:3 | Noticed Jorgrun
 45016 | Depths:3 | Noticed a caustic shrike
 45017 | Depths:3 | Noticed a caustic shrike
 45024 | Depths:3 | Noticed a caustic shrike
 45025 | Depths:3 | Noticed a caustic shrike
 45032 | Depths:3 | Killed a caustic shrike
 45032 | Depths:3 | Reached XP level 24. HP: 110/196 MP: 28/33
 45032 | Depths:3 | Killed a caustic shrike
 45032 | Depths:3 | Reached skill level 12 in Bows
 45032 | Depths:3 | Killed a caustic shrike
 45032 | Depths:3 | Killed a caustic shrike
 45036 | Depths:3 | Killed Jorgrun
 45048 | Depths:3 | Noticed a caustic shrike
 45061 | Depths:3 | Killed a caustic shrike
 45064 | Depths:3 | Reached skill level 13 in Bows
 45663 | Depths:3 | Reached skill level 14 in Bows
 46413 | Depths:4 | Reached skill level 15 in Bows
 46420 | Depths:4 | Reached XP level 25. HP: 189/202 MP: 33/33
 46888 | Depths:4 | Reached skill level 16 in Bows
 48036 | Vaults:1 | Entered Level 1 of the Vaults
 48513 | Vaults:1 | Found Qiffigimug's Food Shoppe.
 48705 | Vaults:1 | Reached skill level 17 in Bows
 49732 | Vaults:2 | Reached XP level 26. HP: 209/209 MP: 33/33
 50304 | Vaults:2 | Found a staircase to the Crypt.
 50304 | Vaults:2 | Found a basalt altar of Yredelemnul.
 50305 | Vaults:2 | Found an ancient bone altar of Kikubaaqudgha.
 50552 | Vaults:2 | Reached skill level 18 in Bows
 50917 | Vaults:2 | Got a translucent double sword
 50918 | Vaults:2 | Identified the +1 double sword of Doom {slice, *Drain Str+6 SInv} (You acquired it on level 2 of the Vaults)
 51561 | Vaults:3 | Got an ancient turquoise ring
 51631 | Vaults:3 | Reached skill level 19 in Bows
 51794 | Vaults:3 | Got a smoking longbow
 51795 | Vaults:3 | Identified the +10 longbow of Benevolence {flame, Dex+5} (You acquired it on level 3 of the Vaults)
 52102 | Vaults:3 | Found Reakukhliown's Weapon Boutique.
 52194 | Vaults:3 | Identified the ring "Sevvuadu" {rElec rC+ rN+ Slay+2} (You found it on level 3 of the Vaults)
 52367 | Vaults:3 | Found a portal to a secret trove of treasure.
 52712 | Vaults:3 | Noticed Saint Roka
 52728 | Vaults:3 | Killed Saint Roka
 52890 | Vaults:3 | Noticed Sojobo
 52914 | Vaults:3 | Reached XP level 27. HP: 205/215 MP: 33/33
 52934 | Vaults:3 | Killed Sojobo
 52934 | Vaults:3 | Reached skill level 20 in Bows
 54568 | Vaults:4 | Reached skill level 21 in Bows
 54842 | Vaults:5 | Entered Level 5 of the Vaults
 54845 | Vaults:5 | Noticed an ancient lich
 55475 | Slime:1  | Entered Level 1 of the Pits of Slime
 55479 | Slime:1  | Gained mutation: Your spells are a little easier to cast, but a little less powerful. [a shining eye]
 56403 | Slime:2  | Lost mutation: Your muscles are strong. (Str +2) [a shining eye]
 56406 | Slime:2  | Lost mutation: You are agile. (Dex +2) [a shining eye]
 56408 | Slime:2  | Gained mutation: Your spells are easier to cast, but less powerful. [a shining eye]
 56466 | Slime:2  | Gained mutation: Your body sometimes deteriorates upon taking damage. [a shining eye]
 57013 | Slime:3  | Reached skill level 22 in Bows
 58638 | Slime:5  | Entered Level 5 of the Pits of Slime
 58760 | Slime:5  | Noticed the Royal Jelly
 59030 | Slime:5  | Gained mutation: Armour fits poorly on your strangely shaped body. [a shining eye]
 59032 | Slime:5  | Gained mutation: You are clumsy. (Dex -2) [a shining eye]
 59034 | Slime:5  | Gained mutation: Potions are less effective at restoring your health. [a shining eye]
 59467 | Slime:5  | Killed the Royal Jelly
 59467 | Slime:5  | Reached skill level 23 in Bows
 59797 | Slime:5  | Got a faintly glowing silver amulet
 59799 | Slime:5  | Identified the amulet "Qesaenn" {Inacc rPois rF+ MR- Str+8} (You found it on level 5 of the Pits of Slime)
 59815 | Slime:5  | Got a slimy rune of Zot
 59830 | Slime:5  | Got a scorched sapphire amulet
 59832 | Slime:5  | Identified the amulet "Niuved" {Faith *Corrode Dex+7} (You found it on level 5 of the Pits of Slime)
 59849 | Slime:5  | Identified the Collected Works on Helpful Displacement
 59855 | Slime:5  | Upgraded the game from 0.20-a0-830-g2c9a30d to 0.20-a0-833-gc632bec
 59924 | Slime:5  | Got a pair of polished gloves
 59935 | Slime:5  | Identified the +1 pair of gloves of Happy Babbling {+Fly rElec rC- Regen+} (You acquired it on level 5 of the Pits of Slime)
 59972 | Slime:5  | Identified the Compendium of Evil
 60010 | Slime:5  | Learned a level 8 spell: Necromutation
 60215 | Slime:5  | Reached skill level 1 in Transmutations
 60222 | Slime:5  | Reached skill level 1 in Spellcasting
 60847 | Vaults:4 | Reached skill level 1 in Necromancy
 61289 | Lair:1   | Learned a level 3 spell: Portal Projectile
 61581 | Depths:5 | Entered Level 5 of the Depths
 61598 | Depths:5 | Reached skill level 1 in Hexes
 61619 | Depths:5 | Reached skill level 1 in Translocations
 61625 | Depths:5 | Noticed Boris
 61639 | Depths:5 | Killed Boris
 61918 | Depths:5 | Found a gate to the Realm of Zot.
 61966 | Depths:5 | Reached skill level 5 in Spellcasting
 62254 | Depths:5 | Reached skill level 5 in Hexes
 63115 | Depths:4 | Gained mutation: You are resistant to electric shocks. (rElec) [mutagenic meat]
 63235 | Depths:3 | Lost mutation: Armour fits poorly on your strangely shaped body. [potion of mutation]
 63235 | Depths:3 | Lost mutation: You are dopey. (Int -2) [potion of mutation]
 63235 | Depths:3 | Lost mutation: You are resistant to electric shocks. (rElec) [potion of mutation]
 63235 | Depths:3 | Lost mutation: Your spells are easier to cast, but less powerful. [potion of mutation]
 63235 | Depths:3 | Lost mutation: Your body sometimes deteriorates upon taking damage. [potion of mutation]
 63235 | Depths:3 | Gained mutation: Your flesh is cold resistant. (rC+) [potion of mutation]
 63235 | Depths:3 | Lost mutation: Potions are less effective at restoring your health. [potion of mutation]
 63235 | Depths:3 | Gained mutation: You evolve. [potion of mutation]
 63235 | Depths:3 | Lost mutation: You are clumsy. (Dex -2) [potion of mutation]
 63236 | Depths:3 | Gained mutation: You are frail. (-10% HP) [mutagenic meat]
 63620 | Vaults:1 | Lost mutation: You evolve. [potion of mutation]
 63620 | Vaults:1 | Lost mutation: Your spells are a little easier to cast, but a little less powerful. [potion of mutation]
 63620 | Vaults:1 | Lost mutation: Your flesh is cold resistant. (rC+) [potion of mutation]
 63620 | Vaults:1 | Lost mutation: You are frail. (-10% HP) [potion of mutation]
 63620 | Vaults:1 | Gained mutation: You are partially covered in thin metallic scales. (AC +2) [potion of mutation]
 63620 | Vaults:1 | Gained mutation: You evolve. [potion of mutation]
 63620 | Vaults:1 | Gained mutation: You are partially covered in yellow scales. (AC +2) [potion of mutation]
 64131 | Zot:1    | Entered Level 1 of the Realm of Zot
 64169 | Zot:1    | Reached skill level 5 in Transmutations
 64556 | Zot:1    | Noticed an orb of fire
 64573 | Zot:1    | Killed an orb of fire
 64573 | Zot:1    | Reached skill level 5 in Necromancy
 65211 | Zot:1    | Reached skill level 10 in Spellcasting
 66500 | Zot:3    | You fall through a shaft!
 66650 | Zot:4    | Reached skill level 10 in Transmutations
 66997 | Zot:4    | Reached skill level 10 in Necromancy
 68688 | Zot:5    | Entered Level 5 of the Realm of Zot
 68931 | Zot:5    | Noticed an ancient lich
 68940 | Zot:5    | Killed an ancient lich
 69047 | Zot:5    | Noticed an orb of fire
 69058 | Zot:5    | Killed an orb of fire
 69227 | Zot:5    | Noticed an orb of fire
 69235 | Zot:5    | Gained mutation: Your magical capacity is low. (-10% MP) [an orb of fire]
 69236 | Zot:5    | Killed an orb of fire
 69380 | Zot:5    | Noticed an orb of fire
 69380 | Zot:5    | Noticed an orb of fire
 69381 | Zot:5    | Gained mutation: You expend magic power (3 MP) to strengthen your wands. [an orb of fire]
 69391 | Zot:5    | Killed an orb of fire
 69405 | Zot:5    | Killed an orb of fire
 69568 | Zot:5    | Lost mutation: Your magical capacity is low. (-10% MP) [potion of mutation]
 69568 | Zot:5    | Lost mutation: You are partially covered in yellow scales. (AC +2) [potion of mutation]
 69568 | Zot:5    | Lost mutation: You expend magic power (3 MP) to strengthen your wands. [potion of mutation]
 69568 | Zot:5    | Lost mutation: You evolve. [potion of mutation]
 69568 | Zot:5    | Gained mutation: You are resistant to hostile enchantments. (MR+) [potion of mutation]
 69568 | Zot:5    | Gained mutation: You have large cloven feet. [potion of mutation]
 69605 | Zot:5    | Noticed an ancient lich
 69609 | Zot:5    | Killed an ancient lich
 69623 | Zot:5    | Noticed an orb of fire
 69626 | Zot:5    | Gained mutation: You are dopey. (Int -2) [an orb of fire]
 69631 | Zot:5    | Killed an orb of fire
 69640 | Zot:5    | Noticed an orb of fire
 69640 | Zot:5    | Reached skill level 15 in Spellcasting
 69649 | Zot:5    | Gained mutation: Your magical capacity is low. (-10% MP) [an orb of fire]
 69661 | Zot:5    | Killed an orb of fire
 69719 | Zot:5    | Noticed an orb of fire
 69719 | Zot:5    | Gained mutation: You are very dopey. (Int -4) [an orb of fire]
 69720 | Zot:5    | Gained mutation: You are frail. (-10% HP) [an orb of fire]
 69720 | Zot:5    | Gained mutation: Scrolls take you a little longer to read. [an orb of fire]
 69728 | Zot:5    | Killed an orb of fire
 69728 | Zot:5    | Reached skill level 15 in Transmutations
 69750 | Zot:5    | Lost mutation: You have large cloven feet. [potion of mutation]
 69750 | Zot:5    | Lost mutation: You are very dopey. (Int -4) [potion of mutation]
 69750 | Zot:5    | Lost mutation: You are dopey. (Int -2) [potion of mutation]
 69750 | Zot:5    | Lost mutation: You are resistant to hostile enchantments. (MR+) [potion of mutation]
 69750 | Zot:5    | Gained mutation: You are clumsy. (Dex -2) [potion of mutation]
 69750 | Zot:5    | Gained mutation: You are very clumsy. (Dex -4) [potion of mutation]
 69750 | Zot:5    | Gained mutation: Your flesh is cold resistant. (rC+) [potion of mutation]
 70007 | Zot:5    | Noticed an orb of fire
 70015 | Zot:5    | Killed an orb of fire
 70532 | Depths:1 | Gained mutation: Your muscles are strong. (Str +2) [mutagenic meat]
 70533 | Depths:1 | Gained mutation: Potions are less effective at restoring your health. [mutagenic meat]
 70535 | Depths:1 | Gained mutation: You occasionally shout uncontrollably at your foes. [mutagenic meat]
 70900 | Vaults:5 | Killed an ancient lich
 70900 | Vaults:5 | Reached skill level 15 in Necromancy
 70911 | Vaults:5 | Noticed Xtahua
 71308 | Vaults:4 | Lost mutation: You are frail. (-10% HP) [mutagenic meat]
 71975 | Vaults:5 | Killed Xtahua
 72634 | Vaults:5 | Got a silver rune of Zot
 73090 | Vaults:5 | Identified Sif Muna's Grimoire of Weightlessness and Changing
 73098 | Vaults:5 | Identified the Tome of Summoning and Poisoning
 73253 | Vaults:5 | Got a bloodstained plate armour
 73256 | Vaults:5 | Identified the +8 plate armour "Uconyo Odulo" {rElec rN+ rCorr Str+2} (You found it on level 5 of the Vaults)
 73430 | Crypt:1  | Entered Level 1 of the Crypt
 75609 | Crypt:3  | Entered Level 3 of the Crypt
 76255 | Crypt:3  | Found a staircase to the Tomb.
 76279 | Crypt:3  | Got a pair of ancient gloves
 76284 | Crypt:3  | Identified the cursed +0 pair of gloves "Qogohavo" {Dex-5 Slay+4} (You found it on level 3 of the Crypt)
 76517 | Crypt:3  | Noticed Jory
 76523 | Crypt:3  | Killed Jory
 76865 | Crypt:3  | Identified the Disquisition on Supportive Dark Rituals
 76877 | Crypt:3  | Got a twisted ring mail
 76885 | Crypt:3  | Got a scorched lajatang
 76886 | Crypt:3  | Identified the +3 lajatang of Ajoumulu {drain, rN+++ MP+9 Int-2 SInv} (You found it on level 3 of the Crypt)
 77808 | Lair:1   | Learned a level 6 spell: Freezing Cloud
 77812 | Lair:1   | Learned a level 3 spell: Lesser Beckoning
 77821 | Lair:1   | Learned a level 8 spell: Infestation
 77829 | Lair:1   | Learned a level 6 spell: Invisibility
 78294 | Pan      | Entered Pandemonium
 78393 | Pan      | Noticed Pibbe the pandemonium lord
 78410 | Pan      | Killed Pibbe the pandemonium lord
 78636 | Pan      | Found an exit through the horrors of the Abyss.
 79572 | Pan      | Found an exit through the horrors of the Abyss.
 80587 | Pan      | Noticed Vulatru the pandemonium lord
 80632 | Pan      | Killed Vulatru the pandemonium lord
 81592 | Pan      | Noticed Yhir the pandemonium lord
 81601 | Pan      | Killed Yhir the pandemonium lord
 81764 | Pan      | Found an exit through the horrors of the Abyss.
 81953 | Pan      | Got a warped battleaxe
 81956 | Pan      | Identified the cursed +1 battleaxe of Ogguimeff {elec, *Corrode MR+ Str+4} (You found it in Pandemonium)
 81969 | Pan      | Entered the realm of Lom Lobon.
 82914 | Pan      | Noticed Lom Lobon
 82970 | Pan      | Killed Lom Lobon
 83026 | Pan      | Got a magical rune of Zot
 83441 | Pan      | Found an exit through the horrors of the Abyss.
 83948 | Pan      | Found an exit through the horrors of the Abyss.
 84246 | Pan      | Noticed Kaikk the pandemonium lord
 84257 | Pan      | Killed Kaikk the pandemonium lord
 84383 | Pan      | Found a runed door.
 84424 | Pan      | Got a demonic rune of Zot
 85363 | Pan      | Noticed Damar the pandemonium lord
 85387 | Pan      | Killed Damar the pandemonium lord
 86077 | Pan      | Found an exit through the horrors of the Abyss.
 86199 | Pan      | Noticed Hemep the pandemonium lord
 86220 | Pan      | Killed Hemep the pandemonium lord
 86268 | Pan      | Entered the realm of Cerebov.
 86687 | Pan      | Found an exit through the horrors of the Abyss.
 87396 | Pan      | Reached skill level 24 in Bows
 87601 | Pan      | Got a pitted steel ring
 87621 | Pan      | Got an ancient battleaxe {speed}
 87624 | Pan      | Identified the +12 battleaxe "Ogre's Funeral" {speed, Dex+3 SInv} (You took it off a balrug in Pandemonium)
 87634 | Pan      | Identified the ring of Cowardice {rPois rF- Int+6 SInv} (You took it off a red devil in Pandemonium)
 87640 | Pan      | Noticed Cerebov
 87689 | Pan      | Killed Cerebov
 88455 | Pan      | Lost mutation: You are very clumsy. (Dex -4) [potion of mutation]
 88455 | Pan      | Lost mutation: Scrolls take you a little longer to read. [potion of mutation]
 88455 | Pan      | Lost mutation: You are clumsy. (Dex -2) [potion of mutation]
 88455 | Pan      | Gained mutation: You are robust. (+10% HP) [potion of mutation]
 88455 | Pan      | Gained mutation: You have large cloven feet. [potion of mutation]
 88456 | Pan      | Lost mutation: You occasionally shout uncontrollably at your foes. [potion of mutation]
 88456 | Pan      | Lost mutation: Your flesh is cold resistant. (rC+) [potion of mutation]
 88456 | Pan      | Lost mutation: You have large cloven feet. [potion of mutation]
 88456 | Pan      | Gained mutation: You are clumsy. (Dex -2) [potion of mutation]
 88456 | Pan      | Lost mutation: You are clumsy. (Dex -2) [potion of mutation]
 88456 | Pan      | Gained mutation: Your skin changes colour to match your surroundings (Stealth+). [potion of mutation]
 88572 | Pan      | Got a fiery rune of Zot
 88599 | Pan      | Got a transparent longbow
 88600 | Pan      | Identified the +4 longbow of Untruth {venom, rN+ MR+ Dex+3} (You found it in Pandemonium)
 88607 | Pan      | Got a smoking demon blade
 88608 | Pan      | Identified the +7 demon blade of Xorphoura {elec, Str+4 Stlth+} (You found it in Pandemonium)
 88652 | Pan      | Learned a level 6 spell: Deflect Missiles
 88662 | Pan      | Learned a level 9 spell: Tornado
 88709 | Pan      | Entered the realm of Mnoleg.
 88957 | Pan      | Noticed Mnoleg
 88977 | Pan      | Killed Mnoleg
 89563 | Pan      | Gained mutation: You are clumsy. (Dex -2) [a neqoxec]
 89617 | Pan      | Found an exit through the horrors of the Abyss.
 90013 | Pan      | Got a glowing rune of Zot
 90374 | Pan      | Noticed Hanepte the pandemonium lord
 90394 | Pan      | Killed Hanepte the pandemonium lord
 90549 | Pan      | Got a pitted cloak
 90551 | Pan      | Identified the +5 cloak of Theory {+Fly rN+} (You found it in Pandemonium)
 90628 | Pan      | Reached skill level 1 in Air Magic
 90781 | Pan      | Found an exit through the horrors of the Abyss.
 90879 | Pan      | Entered the realm of Gloorx Vloq.
 90892 | Pan      | Noticed Ignacio
 90903 | Pan      | Killed Ignacio
 91096 | Pan      | Found an exit through the horrors of the Abyss.
 91129 | Pan      | Reached skill level 5 in Air Magic
 91796 | Pan      | Noticed Gloorx Vloq
 91813 | Pan      | Killed Gloorx Vloq
 91824 | Pan      | Got a dark rune of Zot
 92054 | Pan      | Reached skill level 10 in Air Magic
 92691 | Pan      | Took an exit into the Abyss.
 92691 | Abyss:1  | Escaped into the Abyss
 92719 | Abyss:1  | Found a corrupted altar of Lugonu.
 92923 | Depths:5 | Escaped the Abyss
 93639 | Hell     | Entered the Vestibule of Hell
 93639 | Hell     | Noticed Geryon
 93653 | Hell     | Killed Geryon
 93653 | Hell     | Reached skill level 15 in Dodging
 93843 | Hell     | Found a gateway to the Iron City of Dis.
 93988 | Hell     | Found a gateway to the ashen valley of Gehenna.
 94096 | Hell     | Found a gateway to the decaying netherworld of Tartarus.
 94219 | Hell     | Found a gateway to the freezing wastes of Cocytus.
 94514 | Geh:1    | Entered Level 1 of Gehenna
 94537 | Geh:1    | You fall through a shaft!
 94540 | Geh:2    | You fall through a shaft!
 94543 | Geh:3    | You fall through a shaft!
 94546 | Geh:4    | You fall through a shaft for 2 floors!
 94549 | Geh:6    | You fall through a shaft!
 94549 | Geh:7    | Entered Level 7 of Gehenna
 95026 | Geh:7    | Noticed the Serpent of Hell
 95042 | Geh:7    | Killed the Serpent of Hell
 95840 | Geh:7    | Lost mutation: Your magical capacity is low. (-10% MP) [potion of mutation]
 95840 | Geh:7    | Lost mutation: Your muscles are strong. (Str +2) [potion of mutation]
 95840 | Geh:7    | Lost mutation: You are robust. (+10% HP) [potion of mutation]
 95840 | Geh:7    | Lost mutation: You are clumsy. (Dex -2) [potion of mutation]
 95840 | Geh:7    | Gained mutation: You are weak. (Str -2) [potion of mutation]
 95840 | Geh:7    | Gained mutation: Your flesh is cold resistant. (rC+) [potion of mutation]
 95840 | Geh:7    | Gained mutation: Your mind is acute. (Int +2) [potion of mutation]
 96303 | Geh:7    | Noticed Asmodeus
 96362 | Geh:7    | HP: 3/233 [Asmodeus/damnation (33)]
 96542 | Geh:7    | Killed from afar by a Brimstone Fiend

Vault maps used:
D:1:      dpeg_arrival_stonehenge_8_columns, corexii_hall_statues_s,
          nemelex_xobeh_ov_fountains_minmay
D:2:      old_standard_altar, patterned_corridor, uniq_natasha
D:3:      nicolae_overflow_crystal_walls, first_bread, gup_sewer_entry_pipe,
          uniq_jessica
D:4:      lemuel_doored_altar, zin_statuary, vehumet_crystals, kennysheep_mini,
          minmay_temple_entry_glass, uniq_crazy_yiuf_cottage, uniq_edmund,
          uniq_sigmund
D:5:      overflow_temple_1_default, uniq_grinder
D:6:      xom_redecorated, uniq_menkaure
D:7:      old_standard_altar
D:8:      grunt_temple_overflow_forces_of_nature, serial_shops,
          nicolae_shop_stone, tgw_fedhas
D:9:      nicolae_tso_besieged_by_evil,
          nicolae_dithmenos_through_a_glass_darkly, erik_lair_island,
          hangedman_ranch
D:10:     basic_altar, uniq_joseph, uniq_maurice, uniq_nergalle
D:11:     basic_altar, minmay_misc_feat_room, minmay_librarian
D:12:     david_orc_2
D:13:     david_vaults_5
D:14:     hangedman_abyss_or_decor_stagger, wad_floor_pattern_2
D:15:     grunt_enter_depths_magical_seal
Temple:   jpeg_temple_island
Lair:1:   lemuel_fruit_tree, infiniplex_staircase_pool_2, grunt_megastairs_4,
          lemuel_fruit_fields
Lair:2:   elwin_shoals_entry_rooms, guppyfry_snake_entry_garden, wad_woods_03
Lair:3:   lightli_volcano_entry_magma_tube, minmay_lair_oklob_chamber,
          uniq_snorg
Lair:5:   lab_entry_generic
Lair:6:   hangedman_lair_in_review, nicolae_slime_entry_slimehenge
Shoals:1: uniq_louise
Shoals:2: cheibrodos_shoals_gigantism, nicolae_shoals_kraken_intersection
Shoals:4: shoals_end_hangedman, shoals_ilsuiw_alternative, serial_shops, shop,
          lemuel_altar_in_water2
Snake:1:  special_room, nrook_loot_triangle, uniq_azrael
Snake:2:  special_room
Snake:3:  cheibrodos_snake_ritualist_ritual, spider_trap, grunt_ministairs_3,
          uniq_donald
Snake:4:  snake_pit
Orc:1:    nicolae_orc_accident_1, serial_shops, nicolae_shop_waterfront,
          basic_altar
Orc:2:    st_orc_pillars, serial_shops, shop_statue
Elf:1:    eino_elf_arrival_the_gate, hangedman_corner_corridor
Elf:2:    special_room, minmay_misc_feat_ornament, st_stairs_5
Elf:3:    minmay_elf_hall_spiked, grunt_megastairs_2, uniq_bai_suzhen
Vaults:1: nicolae_vaults_disjoint_gnomons, nicolae_vaults_network_s,
          nicolae_vaults_network_quinsquares, kb_rosetta,
          hangedman_vaults_locks, nicolae_vaults_network_star,
          nicolae_vaults_little_squares_4, v_pattern_1,
          ontoclasm_vaults_loading_screen, nicolae_vaults_ring_of_whatevers,
          nicolae_vaults_little_squares_3, serial_shops, shop
Vaults:2: nicolae_vaults_hallways_thing, hangedman_vaults_impose,
          hangedman_vaults_cutoff, v_misc_24, v_misc_16,
          nicolae_vaults_shelves_hall, minmay_crypt_entry_necro_gods,
          v_alt_pattern_2, nicolae_vaults_asterisk,
          vaults_room_hangedman_quadrants
Vaults:3: v_misc_9, st_greater_box_3, nicolae_vaults_diagonal_hallway_7,
          hangedman_vaults_stretched_pinwheel, v_rooms_1,
          ontoclasm_vaults_ligature, hangedman_vaults_river_flow,
          nicolae_vaults_angled_halls, vaults_standard_mumra_x,
          nicolae_vaults_puzzle_piece, ontoclasm_vaults_gateway, enter_trove_5,
          serial_shops, nicolae_shop_crystal, uniq_saint_roka, uniq_sojobo
Vaults:4: ontoclasm_vaults_shuriken, nicolae_vaults_little_squares_5,
          grunt_vaults_bifocal, vaults_room_pool, serial_ice_m,
          nicolae_vaults_meeting, v_misc_15, v_misc_10,
          nicolae_vaults_little_squares_2, nicolae_vaults_yaktaur_gun_rack,
          nicolae_vaults_diagonal_hallway_7
Vaults:5: uniq_xtahua
Crypt:1:  minivault_11, grunt_ministairs_3
Crypt:2:  st_stairs_9, nicolae_crypt_twisting_catacombs
Crypt:3:  due_elkab, uniq_jory
Depths:1: serial_shops, nicolae_shop_overgrown_old_shop, shop_fountains,
          serial_bayou_pond_c, hell_entry, serial_sigils_hangedman_etch,
          kennysheep_generic_room_10, grunt_megastairs_5
Depths:2: minmay_box_of_statues, enter_ziggurat_f, abyss_entry,
          minmay_misc_feat_more_columns, hell_entry, serial_shops,
          bzr_entry_dummy, lemuel_flames_and_gold, infiniplex_staircase_zigzag_4
Depths:3: grunt_runaround, hell_entry, pan_entry, uniq_margery, uniq_jorgrun
Depths:4: minmay_skeleton_keep, abyss_entry, grunt_mini_vestibule,
          hangedman_decor_growths, minmay_pinched_square
Depths:5: evilmike_zot_entry_diamond, rand_demon_pan_entry_5, hell_entry,
          corexii_leaking_fountain, uniq_boris
Geh:4:    lemuel_flamethrower_3
Geh:7:    evilmike_geh
Zot:1:    hangedman_snake_sidewinding
Zot:3:    kennysheep_oblong_rooms, basic_stair_grate_trap
Zot:4:    lemuel_baited_zot_trap, grunt_ministairs_7, st_stairs_5
Zot:5:    st_stairs_8
Pan:      evilmike_mini_pan_pillars_b, pan_blood_fountain_small,
          reaverb_pan_chaos_star, grunt_pan_sceptre,
          evilmike_mini_pan_pillars_b, lom_lobon_grunt_wind_tunnels,
          regret_index_pan_draining_boxed, nicolae_pan_gloorx_vloqian_2,
          evilmike_mini_pan_thingy, pan_disco_hall, pan_blood_fountain_2,
          grunt_pan_in_and_out, cerebov_grunt, mnoleg_grunt_wretched_star,
          nicolae_pan_sigil_obb, nicolae_pan_gloorx_vloqian_4,
          nicolae_pan_hourglass, gloorx_vloq_grunt_torture_chamber,
          uniq_ignacio, pan_blood_fountain_small
Bazaar:   bazaar_lake
Sewer:    sewer_minmay_w
Volcano:  volcano_lake

Skill      XL: |  1  2  3  4  5  6  7  8  9 10 11 12 13 14 15 16 17 18 19 20 21 22 23 24 25 26 27 |
---------------+----------------------------------------------------------------------------------+-----
Shields        | 4 5 6 7 8 9 10 11 12 13 14 15 16 17 18 | 18.7
Dodging        | 1 2 3 4 5 6 7 8 9 10 11 12 13 14 20 | 20.0
Long Blades    | 3 4 5 6 7 9 10 11 12 13 14 15 16 20 | 20.8
Armour         | 4 5 6 7 8 9 10 11 12 13 14 15 16 17 19 | 19.2
Fighting       | 4 5 6 8 9 10 11 12 13 14 15 16 17 22 | 22.5
Invocations    | 2 4 6 7 9 10 11 12 13 | 13.4
Polearms       | 4 |  4.2
Bows           | 5 11 15 17 19 24 | 24.2
Transmutations | 21 | 21.9
Spellcasting   | 21 | 21.2
Necromancy     | 20 | 20.4
Hexes          | 5 |  5.8
Translocations | 4 |  4.0
Air Magic      | 12 | 12.7

Action                   |  1- 3 |  4- 6 |  7- 9 | 10-12 | 13-15 | 16-18 | 19-21 | 22-24 | 25-27 || total
-------------------------+-------+-------+-------+-------+-------+-------+-------+-------+-------++-------
Melee: Long sword        |    70 |   316 |   517 |   564 |       |       |       |       |       ||  1467
       Hand axe          |       |       |       |    39 |       |       |       |       |       ||    39
       Spear             |       |       |       |    74 |       |       |       |       |       ||    74
       Double sword      |       |       |       |   182 |   841 |  1058 |  1411 |   975 |   425 ||  4892
       Broad axe         |       |       |       |       |    28 |    28 |    55 |       |       ||   111
       Flamberge         |       |       |       |       |       |       |       |       |   265 ||   265
 Fire: Longbow           |       |       |       |       |       |       |       |    79 |  8778 ||  8857
 Cast: Necromutation     |       |       |       |       |       |       |       |       |   145 ||   145
       Portal Projectile |       |       |       |       |       |       |       |       |    15 ||    15
       Infestation       |       |       |       |       |       |       |       |       |     2 ||     2
Invok: Bend Time         |       |       |       |       |     6 |       |       |       |     6 ||    12
       Step From Time    |       |       |       |       |     1 |     2 |       |       |    10 ||    13
       Slouch            |       |       |       |       |     7 |     2 |     7 |    11 |    40 ||    67
       Temporal Distorti |       |       |       |       |       |     2 |     1 |     1 |     4 ||     8
 Abil: Shaft Self        |       |       |     1 |       |       |     1 |       |       |     5 ||     7
       Dig               |       |       |       |     1 |    35 |     4 |     5 |     6 |    12 ||    63
       End Transformatio |       |       |       |       |       |       |       |       |     5 ||     5
Evoke: Wand              |       |       |       |     3 |     1 |     8 |     1 |     5 |    12 ||    30
  Use: Potion            |       |     9 |     2 |     1 |     2 |     3 |     2 |    16 |    43 ||    78
       Scroll            |       |     5 |     2 |    17 |    18 |     7 |    13 |    18 |    40 ||   120
 Stab: Distracted        |       |       |       |     1 |       |     1 |     1 |       |     2 ||     5
       Petrified         |       |       |       |       |     3 |       |       |       |       ||     3
       Confused          |       |       |       |       |       |       |       |     6 |       ||     6
  Eat: Chunk             |       |     7 |    15 |     8 |    19 |    12 |    12 |    11 |    24 ||   108
       Royal jelly       |       |       |       |     2 |     7 |     6 |     3 |     2 |    10 ||    30
       Meat ration       |       |       |       |       |       |       |       |       |     5 ||     5
       Bread ration      |       |       |       |       |       |       |       |       |     3 ||     3
       Fruit             |       |       |       |       |       |       |       |       |     7 ||     7
Armor: Scale mail        |    27 |    20 |       |       |       |       |   127 |   147 |   334 ||   655
       Chain mail        |       |   230 |   109 |       |   202 |   165 |       |       |       ||   706
       Plate armour      |       |       |    61 |   215 |     4 |       |   224 |       |   169 ||   673
       Skin              |       |       |    10 |    16 |       |       |       |       |       ||    26
       Ring mail         |       |       |       |       |       |   151 |     3 |       |       ||   154
       Storm dragon scal |       |       |       |       |       |       |       |    21 |       ||    21
       Gold dragon scale |       |       |       |       |       |       |       |       |   609 ||   609
Dodge: Dodged            |    19 |   125 |   125 |   247 |   470 |   739 |   725 |   520 |  2291 ||  5261
Block: Shield            |    64 |   439 |   509 |   827 |   768 |  1039 |    96 |       |       ||  3742
       Reflection        |     3 |       |     9 |    11 |     2 |    83 |    13 |       |    16 ||   137
       Large shield      |       |       |       |       |       |       |  1895 |  1280 |  5689 ||  8864
       Rpst.: Long sword |     6 |    37 |    34 |    35 |       |       |       |       |       ||   112
       Double sword      |       |       |       |    14 |   110 |   135 |   122 |    78 |    39 ||   498
       Flamberge         |       |       |       |       |       |       |       |       |    33 ||    33
